 Dungeon Crawl Stone Soup version 0.28.0-45-g0d030f2227 (webtiles) character file.

Game seed: 10052168468578225497

0 psko the Sneak (level 1, -2/9 HPs)
             Began as a Spriggan Enchanter on Apr 3, 2022.
             Slain by a rat (3 damage)
             ... on level 2 of the Dungeon.
             The game lasted 00:00:17 (40 turns).

psko the Sneak (Spriggan Enchanter)                   Turns: 40, Time: 00:00:17

Health: -2/9       AC:  2    Str:  4    XL:     1   Next: 0%
Magic:  5/5        EV: 17    Int: 16    God:
Gold:   0          SH:  0    Dex: 15    Spells: 5/5 levels left

rFire   . . .      SeeInvis +   a - +1 dagger
rCold   . . .      Faith    .   (no shield)
rNeg    . . .      Spirit   .   b - +0 robe
rPois   .          Reflect  .   (helmet restricted)
rElec   .          Harm     .   (no cloak)
rCorr   .          Rampage  .   (gloves unavailable)
Will    .....                   (boots unavailable)
Stlth   +++.......              (no amulet)
HPRegen 0.03/turn               (no ring)
MPRegen 0.09/turn               (no ring)

@: very quick
A: very small, no large weapons, unfitting armour, see invisible, speed 3
a: no special abilities


You were on level 2 of the Dungeon.
You visited 1 branch of the dungeon, and saw 2 of its levels.

Inventory:

Hand Weapons
 a - a +1 dagger (weapon)
Armour
 b - a +0 robe (worn)
Potions
 c - a potion of invisibility


   Skills:
 + Level 1.1 Short Blades
 + Level 2.6 Dodging
 + Level 4.4 Stealth
 + Level 2.6 Spellcasting
 + Level 3.6 Hexes


You had 5 spell levels left.
You didn't know any spells.
Your spell library contained the following spells:

 Spells                   Type           Power      Damage    Failure   Level
 Confusing Touch          Hex            13%        N/A       13%         3
 Tukima's Dance           Hex            13%        N/A       13%         3
 Ensorcelled Hibernation  Hex/Ice        14%        N/A       14%         2
 Dazzling Flash           Conj/Hex       14%        N/A       28%         3


Dungeon Overview and Level Annotations

Branches:
Dungeon (2/15)

Altars:


Innate Abilities, Weirdness & Mutations

You are very small and have problems with some larger weapons.
You are too small for most types of armour.
You have supernaturally acute eyesight. (SInv)
You cover ground extremely quickly. (Speed+++)


Message History

The bat hits you. The rat barely misses you.
You closely miss the giant cockroach. The bat closely misses you.
The bat barely misses you. The giant cockroach barely misses you.
The rat barely misses you.
You closely miss the giant cockroach. The bat closely misses you.
The giant cockroach barely misses you. The rat misses you.
You hit the giant cockroach but do no damage.
The giant cockroach bites you. The bat closely misses you. The rat bites you.
You hit the giant cockroach but do no damage.
The bat hits you but does no damage. The giant cockroach closely misses you.
The rat barely misses you.
You barely miss the giant cockroach. The bat hits you.
The giant cockroach closely misses you. The rat bites you.
The giant cockroach misses you.
You barely miss the giant cockroach. The bat completely misses you.
The giant cockroach bites you but does no damage.
The rat closely misses you.
You barely miss the giant cockroach.
The giant cockroach completely misses you.
The rat misses you. The bat closely misses you.
You hit the giant cockroach.
The giant cockroach is lightly wounded.
The bat closely misses you. The giant cockroach barely misses you.
You closely miss the giant cockroach.
The giant cockroach is lightly wounded.
The bat closely misses you. The rat misses you.
The giant cockroach barely misses you.
You closely miss the giant cockroach.
The giant cockroach is lightly wounded.
The rat closely misses you. The giant cockroach misses you. The bat misses you.
You hit the giant cockroach.
The giant cockroach is almost dead.
The bat hits you but does no damage. The giant cockroach closely misses you.
The rat bites you.
* * * LOW HITPOINT WARNING * * *
The bat closely misses you.
You hit the giant cockroach.
You kill the giant cockroach!
The bat misses you. The rat bites you.
You die...

#############
#...?........#
#............#
#............#
#............#
#............#
#............#
#.....r......#
#....@.......#
......b.$....>.#
.......#####...#
......# ##..#
.####. ..# ##
..# ..# .#


You could see a bat and a rat.

Vanquished Creatures
  A giant cockroach (D:2)
1 creature vanquished.

Notes
Turn   | Place    | Note
-------+----------+-------------------------------------------
     0 | D:1      | psko the Spriggan Enchanter began the quest for the Orb.
     0 | D:1      | Reached XP level 1. HP: 9/9 MP: 5/5
    40 | D:2      | Slain by a rat

Illustrated notes

Levels and vault maps discovered:
D:1:      amcnicky_arrival_choice, layout_basic,
          shapermc_ecumenical_altar_starsandcircs
D:2:      minmay_inner_zag, layout_basic, minmay_joined_circles,
          uniq_crazy_yiuf_cottage

Action                   || total
-------------------------++-------
Melee: Dagger            ||    19
Armor: Robe              ||     8
Dodge: Dodged            ||    51
